 Dungeon Crawl Stone Soup version 0.28-a0-991-g956f0ee3d5 (webtiles) character file.

Game seed: 18127741263880249669

42 alberto the Cudgeller (level 3, -2/22 HPs)
             Began as a Gargoyle Gladiator on Dec 4, 2021.
             Slain by a hobgoblin (5 damage)
             ... led by Robin
             ... on level 2 of the Dungeon.
             The game lasted 00:07:42 (1003 turns).

alberto the Cudgeller (Gargoyle Gladiator)          Turns: 1003, Time: 00:07:43

Health: -2/22      AC:  8    Str: 19    XL:     3   Next: 54%
Magic:  3/3        EV: 12    Int:  8    God:
Gold:   38         SH:  0    Dex: 11    Spells: 2/2 levels left

rFire   . . .      SeeInvis .   a - +0 flail
rCold   . . .      Faith    .   (no shield)
rNeg    + . .      Spirit   .   b - +0 leather armour
rPois   ∞          Reflect  .   c - +1 helmet
rElec   +          Harm     .   (no cloak)
rCorr   .          Rampage  .   (no gloves)
Will    .....                   (no boots)
Stlth   +.........              (no amulet)
HPRegen 0.07/turn               (no ring)
MPRegen 0.08/turn               (no ring)

@: no status effects
A: sickness immunity, AC +3, negative energy resistance 1, electricity
resistance, torment resistance 1, petrification resistance
a: no special abilities


You were on level 2 of the Dungeon.
You visited 1 branch of the dungeon, and saw 2 of its levels.

You collected 38 gold pieces.

Inventory:

Hand Weapons
 a - a +0 flail (weapon)
 f - a +0 club
 g - a +0 dagger
 i - a +0 club
 k - a +0 falchion
Missiles
 d - 3 throwing nets (quivered)
Armour
 b - a +0 leather armour (worn)
 c - a +1 helmet (worn)
 e - a +0 leather armour
Jewellery
 m - a ring of see invisible
Scrolls
 l - a scroll of torment


   Skills:
 + Level 2.5 Fighting
 + Level 3.6 Maces & Flails
 + Level 1.9 Throwing
 + Level 0.5 Armour
 + Level 2.8 Dodging


You had 2 spell levels left.
You didn't know any spells.
Your spell library was empty.

Dungeon Overview and Level Annotations

Branches:
Dungeon (2/15)

Altars:

Annotations:
D:2 Robin


Innate Abilities, Weirdness & Mutations

You are immune to sickness and miasma.
Your stone body is resilient. (AC +3)
You are immune to poison.
You resist negative energy. (rN+)
You are resistant to electric shocks. (rElec)
You are resistant to unholy torment.
You are immune to petrification.


Message History

The hobgoblin hits you.
Robin laughs in a distinctly smug fashion.
The goblin hits you but does no damage. The hobgoblin barely misses you.
You closely miss the goblin. The hobgoblin misses you.
The goblin hits you with a +0 dagger.
* * * LOW HITPOINT WARNING * * *
You sock the goblin!
You kill the goblin!
The hobgoblin hits you but does no damage.
Things that are here:
a +0 dagger; a goblin corpse You closely miss the hobgoblin.
The hobgoblin is moderately wounded.
The hobgoblin hits you.
* * * LOW HITPOINT WARNING * * *
It was a potion of curing.
You feel better. The hobgoblin hits you.
* * * LOW HITPOINT WARNING * * *
A bat comes into view.
The bat barely misses you.
The hobgoblin no longer looks unusually strong.
The bat hits you but does no damage. The bat misses you.
You hit the bat.
You kill the bat!
The hobgoblin barely misses you. x2
Robin says, "Duck!"
Robin throws the goblin at you!
You see here a bat corpse.
You sock the goblin!
You kill the goblin!
Robin roars a battlecry!
The hobgoblin goes into a battle-frenzy!
Unknown command.
You closely miss the hobgoblin.
The hobgoblin is moderately wounded.
The hobgoblin closely misses you.
You barely miss the hobgoblin.
The hobgoblin is moderately wounded.
The hobgoblin hits you.
You die...

...≈.≈....PPP≈♣# #.#.
.............#.# #.#.
≈≈...........#.# #.#.
P≈≈≈≈≈≈.≈...g#.# #.#.
♣≈P≈≈≈≈≈≈P♣.g#.###.#.
♣♣≈≈♣♣≈P≈♣##g#.##..#.
♣♣ ♣♣♣♣# #)#>..≈<#.
♣♣♣♣#####.#.≈≈≈.#.
#@#.gg.g.g.♣≈≈≈...
#g##.####.###..###
#l##.####.# ####
#gg....##.#
#####..##.# ..##.#
#.##.# .##.# ..#.#


You could see Robin, a hobgoblin (strong), a goblin (strong) and a frilled
lizard.

Vanquished Creatures
  A dart slug (D:1)
  2 bats
  3 endoplasms
  3 giant cockroaches (D:1)
  11 goblins
  2 jackals (D:1)
  5 kobolds (D:1)
  2 ball pythons (D:1)
  A frilled lizard (D:1)
  3 rats
33 creatures vanquished.

Vanquished Creatures (others)
  14 plants (D:2)
14 creatures vanquished.

Grand Total: 47 creatures vanquished

Notes
Turn   | Place    | Note
-------+----------+-------------------------------------------
     0 | D:1      | alberto the Gargoyle Gladiator began the quest for the Orb.
     0 | D:1      | Reached XP level 1. HP: 12/12 MP: 1/1
    82 | D:1      | Reached XP level 2. HP: 7/17 MP: 2/2
   577 | D:1      | Reached XP level 3. HP: 22/22 MP: 3/3
   957 | D:2      | Noticed Robin
   993 | D:2      | HP: 1/22 [hobgoblin[Robin] (5)]
  1003 | D:2      | Slain by a hobgoblin

Illustrated notes

Levels and vault maps discovered:
D:1:      dpeg_arrival_court, layout_rooms
D:2:      minmay_spotlight, layout_basic, serial_bayou, serial_bayou_pond_d,
          serial_bayou_lake_a, serial_bayou_ford_a, serial_bayou_shore_a,
          dilly_ecumenical_altar_fadedgnrine, serial_shops,
          nicolae_shop_temple_entry_statues_fountains, grunt_decor_mini_mirrors,
          item_on_display_a, uniq_robin

Action                   || total
-------------------------++-------
Melee: Flail             ||   103
  Use: Scroll            ||     2
       Potion            ||     1
Armor: Leather armour    ||    46
Dodge: Dodged            ||    68

Table legend: (Time is in decaauts)
 A = Elapsed time spent in this place.
 B = Non-inter-level travel time spent in this place.
 C = Inter-level travel time spent in this place.
 D = Time resting spent in this place.
 E = Time spent auto-exploring this place.
 F = Levels seen in this place.
 G = Mean time per level.
                   A        B        C        D        E       F      G
               +--------+--------+--------+--------+--------+-----+--------+
         Total |   1029 |   1027 |      2 |     87 |     38 |   2 |  514.5 |
       Dungeon |   1029 |   1027 |      2 |     87 |     38 |   2 |  514.5 |
               +--------+--------+--------+--------+--------+-----+--------+

Top non-repeatable levels by time:
     D:1: 902 daAuts
     D:2: 126 daAuts
